cohdb
Replays
Latest Replays
All Replays
Popular Replays
Top Player Replays
Match Explorer
How It Works
Community
CoH3 Stats
Reddit
Sign in to upload your games and track your stats! →
Sign in with Steam
Match 42119766
Unlisted
Match 42119766
Overview
Messages
Build Orders
End
Vickers Machine Gun Team
Construct Section Command Post
Selects Canadian Shock Battlegroup
Infantry Section
Infantry Section
Grenade Package
Selects Attacking Spirit
Construct Platoon Command Post
Selects Incendiary Munitions
Selects Canadian Shock Section
Canadian Shock Section
AI Takeover
jxcol
Harabas
ConcernedApe
Cookie Addict
0
0
Comments
sign in to comment!
No comments posted yet!